 Dungeon Crawl Stone Soup version 0.31.0-12-g77e489cdc1 (webtiles) character file.

Game seed: 10033306692476402808

339 Gadfly the Insei (level 6, 47/47 HPs)
             Began as a Demonspawn Monk on Feb 11, 2024.
             Quit the game on level 4 of the Dungeon.
             The game lasted 00:03:37 (2981 turns).

Gadfly the Insei (Demonspawn Monk)                  Turns: 2981, Time: 00:03:37

Health: 47/47      AC:  3    Str: 13 (14) XL:     6   Next: 29%
Magic:  6/6        EV: 13    Int:  8 (10) God:
Gold:   273        SH:  0    Dex: 13 (15) Spells: 5/5 levels left

rFire   . .          .
                       - Unarmed
rCold   . . .        c - orb {light}
rNeg    . . .        a - +0 robe
rPois   +            (helmet restricted)
rElec   .            p - +0 cloak
rCorr   .            (no gloves)
SInv    .            (no boots)
Will    .....        (no amulet)
Stlth   +            h - ring of poison resistance
HPRegen 0.27/turn    (no ring)
MPRegen 0.20/turn

%: no passive effects
@: glowing
A: horns 1, foul stench 1, magic regeneration
a: no special abilities


You were on level 4 of the Dungeon.
You visited 1 branch of the dungeon, and saw 4 of its levels.

You collected 273 gold pieces.

Inventory:

Hand Weapons
 b - a +2 quarterstaff of chaos
Armour
 a - a +0 robe (worn)
 c - an orb of light (worn)
 p - a +0 cloak (worn)
Jewellery
 h - a ring of poison resistance (left hand)
Talismans
 d - a dragon-blood talisman
Scrolls
 g - 2 scrolls of fear
 o - a scroll of teleportation
Potions
 e - a potion of resistance
 f - a potion of cancellation
 i - a potion of berserk rage {unknown}
 j - a potion of haste {unknown}
 k - a potion of ambrosia


   Skills:
 - Level 3.0 Fighting
 + Level 3.5 Dodging
 * Level 4.0 Unarmed Combat
 * Level 3.1 Evocations
 * Level 2.5 Shapeshifting


You had 5 spell levels left.
You didn't know any spells.
Your spell library contained the following spells:

 Spells                   Type           Power      Damage    Failure   Level
 Cigotuvi's Dreadful Rot  Necr/Alch/Air  0%         N/A       54%         2
 Ensorcelled Hibernation  Hex/Ice        0%         N/A       54%         2
 Call Canine Familiar     Summ           0%         N/A       78%         3
 Fugue of the Fallen      Necr           0%         N/A       78%         3
 Gell's Gravitas          Tloc           0%         N/A       78%         3
 Sigil of Binding         Hex            0%         N/A       78%         3
 Stone Arrow              Conj/Erth      0%         3d7       78%         3
 Teleport Other           Tloc           0%         N/A       78%         3
 Anguish                  Hex/Necr       0%         N/A       99%         4
 Animate Armour           Summ/Erth      0%         N/A       99%         4
 Dimensional Bullseye     Hex/Tloc       0%         N/A       99%         4
 Ignite Poison            Fire/Alch      0%         N/A       99%         4
 Freezing Cloud           Conj/Ice/Air   0%         6-21      100%        5
 Dispersal                Tloc           0%         N/A       100%        6
 Lehudib's Crystal Spear  Conj/Erth      0%         10d2      100%        8


Dungeon Overview and Level Annotations

Branches:
Dungeon (4/15)
 Temple: D:4-7

Altars:

Annotations:
D:4 1 runed translucent door, TheBioAlchemist's ghost, amateur FoFi


Innate Abilities, Weirdness & Mutations

You have a pair of small horns on your head.
You may rarely emit foul miasma when damaged in melee.
You regenerate magic rapidly.


Message History

You are too injured to fight recklessly!
You are too injured to fight recklessly!
Unknown command.
Okay, then.
Unknown command.
The centaur unwields a +0 shortbow.
The centaur completely misses you. The centaur misses you.
The centaur hits you.
* * * LOW HITPOINT WARNING * * *
The centaur kicks you but does no damage.
You hit the centaur. You headbutt the centaur.
The centaur is lightly wounded.
The centaur misses you. x2
You hit the centaur. You headbutt the centaur.
The centaur is heavily wounded.
The centaur misses you.
The centaur kicks you but does no damage.
You hit the centaur. You headbutt the centaur.
The centaur is almost dead.
The centaur closely misses you. The centaur kicks you.
* * * LOW HITPOINT WARNING * * *
The centaur completely misses you. The centaur kicks you.
* * * LOW HITPOINT WARNING * * *
You hit the centaur but do no damage.
The centaur is almost dead.
The centaur completely misses you. The centaur closely misses you.
You hit the centaur.
You kill the centaur!
Your Unarmed Combat skill increases to level 4!
Your Evocations skill increases to level 3!
You have reached level 6!
Your demonic ancestry asserts itself...
Your magic begins to regenerate rapidly.
You start resting.
HP restored.
You start waiting.
Done waiting.
Okay, then.
Are you sure you want to abandon this character and quit the game? (Confirm with "yes".)
Okay, then.
Are you sure you want to abandon this character and quit the game? (Confirm with "yes".)

## #. ## .. ..#
.#..##. ###
.#.....
#.##)......
###..@.#
#####......#
##...##...###
#..........#
####....##....#
.............##
........####.#
###....<## ...#
#⌠##.....#
##...


There were no monsters in sight!

Vanquished Creatures
  Sigmund (D:3)
  A centaur (D:4)
  Crazy Yiuf (D:3)
  An adder (D:2)
  8 ball pythons
  2 bats (D:1)
  6 endoplasms
  2 giant cockroaches
  7 goblins
  9 hobgoblins
  8 jackals
  3 quokkas
  2 frilled lizards (D:1)
  2 kobolds (D:1)
  3 rats
56 creatures vanquished.

Notes
Turn   | Place    | Note
-------+----------+-------------------------------------------
     0 | D:1      | Gadfly the Demonspawn Monk began the quest for the Orb.
     0 | D:1      | Reached XP level 1. HP: 18/18 MP: 1/1
   195 | D:1      | Gained mutation: You have a pair of small horns on your
                  | head. [demonic ancestry]
   195 | D:1      | Reached XP level 2. HP: 19/24 MP: 2/2
   324 | D:1      | Reached skill level 1 in Evocations
   781 | D:1      | Reached skill level 3 in Unarmed Combat
   910 | D:1      | Found a faded altar of an unknown god.
  1239 | D:2      | Reached skill level 1 in Shapeshifting
  1342 | D:2      | Gained mutation: You may rarely emit foul miasma when
                  | damaged in melee. [demonic ancestry]
  1342 | D:2      | Reached XP level 3. HP: 29/29 MP: 3/3
  2185 | D:3      | Reached XP level 4. HP: 35/35 MP: 4/4
  2371 | D:3      | Noticed Sigmund
  2382 | D:3      | Killed Sigmund
  2383 | D:3      | Reached XP level 5. HP: 18/41 MP: 5/5
  2543 | D:3      | Found a runed translucent door.
  2544 | D:3      | Noticed Crazy Yiuf
  2661 | D:3      | Killed Crazy Yiuf
  2715 | D:4      | Noticed TheBioAlchemist's ghost (amateur FoFi)
  2716 | D:4      | Found a runed translucent door.
  2721 | D:4      | Noticed a centaur
  2731 | D:4      | Killed a centaur
  2732 | D:4      | Reached skill level 4 in Unarmed Combat
  2732 | D:4      | Gained mutation: You regenerate magic rapidly. [demonic
                  | ancestry]
  2732 | D:4      | Reached XP level 6. HP: 6/47 MP: 6/6
  2981 | D:4      | Quit the game

Illustrated notes

Levels and vault maps discovered:
D:1:      dpeg_arrival_brainrot, layout_loops_ring,
          chequers_ecumenical_altar_grove, minmay_stone_trees_large,
          minivault_11
D:2:      layout_basic
D:3:      layout_loops_ring, uniq_crazy_yiuf_cottage, uniq_sigmund
D:4:      minmay_spotlight, layout_cave_pools, temple_fountains,
          hellmonk_ghost_happy_afterlife

Skill      XL: |  1  2  3  4  5 |
---------------+----------------+-----
Evocations     | 1 2 3 |  3.1
Unarmed Combat | 3 4 |  4.0
Shapeshifting  | 1 2 |  2.5
Dodging        | 3 |  3.5
Fighting       | |  3.0

Action                     |  1- 3 |  4- 6 || total
---------------------------+-------+-------++-------
  Melee: Unarmed           |   132 |    22 ||   154
         Headbutt          |    27 |     7 ||    34
    Use: Scroll            |     6 |     2 ||     8
         Potion            |     2 |     2 ||     4
 Armour: Robe              |    47 |    17 ||    64
  Dodge: Dodged            |    95 |    19 ||   114
